 Dungeon Crawl Stone Soup version 0.27-a0-1144-g0b7d3b79db (webtiles) character file.

Game seed: 5866150562382444704

109 Snikeer the Skirmisher (level 4, 0/41 HPs)
             Began as a Gnoll Abyssal Knight on May 10, 2021.
             Was a Believer of Lugonu.
             Slain by Edmund
             ... wielding a +1 vorpal flail
              (1 damage)
             ... on level 4 of the Dungeon.
             The game lasted 00:05:19 (4118 turns).

Snikeer the Skirmisher (Gnoll Abyssal Knight)       Turns: 4118, Time: 00:05:19

Health: 0/41       AC:  7    Str: 12    XL:     4   Next: 89%
Magic:  7/7        EV: 11    Int: 12    God:    Lugonu [**....]
Gold:   145        SH:  0    Dex: 11    Spells: 5/5 levels left

rFire    . . .     SeeInvis .   a - +1 mace
rCold    . . .     Faith    .   (no shield)
rNeg     . . .     Spirit   .   q - +0 ring mail
rPois    .         Reflect  .   (no helmet)
rElec    .         Harm     .   (no cloak)
rCorr    .         Rampage  .   p - +0 pair of gloves
Will     .....                  (no boots)
Stlth    +.........             (no amulet)
HPRegen  0.13/turn              (no ring)
MPRegen  0.10/turn              (no ring)

@: no status effects
A: fangs 1, strong nose, distributed training
a: Renounce Religion, Depart the Abyss, Bend Space


You were on level 4 of the Dungeon.
You worshipped Lugonu.
Lugonu was pleased with you.
You visited 1 branch of the dungeon, and saw 4 of its levels.
You visited the Abyss 1 time.

You collected 145 gold pieces.

Inventory:

Hand Weapons
 a - a +1 mace (weapon)
 r - a +0 whip
   (You took it off an orc on level 3 of the Dungeon)
Missiles
 d - 36 arrows
 g - 4 silver boomerangs (quivered)
 i - 8 atropa-tipped darts
 m - 15 sling bullets
 n - 6 javelins
 o - 9 bolts
 s - 159 stones
Armour
 b - a +0 leather armour
 p - a +0 pair of gloves (worn)
   (You found it on level 3 of the Dungeon)
 q - a +0 ring mail (worn)
   (You took it off an orc on level 3 of the Dungeon)
Scrolls
 c - 3 scrolls of identify {unknown}
 e - a scroll of teleportation {unknown}
 f - a scroll of fear {unknown}
 h - a scroll of immolation {unknown}
 j - a scroll of amnesia {unknown}
 k - a scroll of fog {unknown}
 v - a scroll of torment {unknown}
Potions
 l - a potion of attraction {unknown}
 t - a potion of curing {unknown}
 u - a potion of heal wounds {unknown}


   Skills:
 + Level 6.6 Fighting
 + Level 1.2 Short Blades
 + Level 1.2 Long Blades
 + Level 1.2 Axes
 + Level 4.7 Maces & Flails
 + Level 1.2 Polearms
 + Level 1.2 Staves
 + Level 1.2 Slings
 + Level 1.2 Bows
 + Level 1.2 Crossbows
 + Level 1.2 Throwing
 + Level 4.7 Armour
 + Level 2.8 Dodging
 + Level 1.2 Stealth
 + Level 1.2 Shields
 + Level 1.2 Unarmed Combat
 + Level 1.2 Spellcasting
 + Level 1.0 Conjurations
 + Level 1.0 Hexes
 + Level 1.0 Summonings
 + Level 1.0 Necromancy
 + Level 1.0 Translocations
 + Level 1.0 Transmutations
 + Level 1.0 Fire Magic
 + Level 1.0 Ice Magic
 + Level 1.0 Air Magic
 + Level 1.0 Earth Magic
 + Level 1.0 Poison Magic
 + Level 4.7 Invocations
 + Level 1.2 Evocations


You had 5 spell levels left.
You didn't know any spells.
Your spell library contained the following spells:

 Spells                   Type           Power      Damage    Failure   Level
 Magic Dart               Conj           12%        1d3       38%         1
 Blink                    Tloc           N/A        N/A       52%         2
 Call Imp                 Summ           3%         N/A       52%         2
 Slow                     Hex            3%         N/A       52%         2
 Conjure Flame            Conj/Fire      3%         6-21      77%         3
 Mephitic Cloud           Conj/Pois/Air  3%         N/A       77%         3


Dungeon Overview and Level Annotations

Branches:
Dungeon (4/15)
 Temple: D:4-7

Altars:
Makhleb

Shops:
D:1 (*

Annotations:
D:4 Blork the orc, Edmund


Innate Abilities, Weirdness & Mutations

You have very sharp teeth.
Your uncanny sense of smell can sniff out nearby items.
Your experience applies equally to all skills.


Message History

An ogre comes into view. It is wielding a +0 giant club.
The ogre shouts!
Blork the orc hits you with a +4 short sword of protection.
Blork the orc closely misses you.
You take 3 damage, and have 32/41 hp.
You now have 6/7 mp.
Space bends around you!
You blink.
Blork the orc begins to cast a cantrip, but forgets the words!
You take 2 damage, and have 30/41 hp.
You now have 5/7 mp.
Blork the orc casts a spell at you. The puff of frost hits you.
You take 2 damage, and have 28/41 hp.
Blork the orc screams, "I'll decorate my home with your organs!"
Space bends around you!
You blink.
You take 2 damage, and have 26/41 hp.
You now have 4/7 mp.
Blork the orc points at you and mumbles some strange words.
The magic dart hits you.
You take 5 damage, and have 21/41 hp.
There is a stone staircase leading up here.
Okay, then.
Blork the orc points at you and mumbles some strange words.
The puff of flame hits you!
* * * LOW HITPOINT WARNING * * *
You climb upwards.
There is a stone staircase leading down here.
You take 10 damage, and have 12/41 hp.
MASSIVE DAMAGE!!
You start resting.
Magic restored.
HP restored.
Health restored: 41; MP restored: 7
Okay, then.
You climb downwards.
Level annotation: Blork the orc
There is a stone staircase leading up here.
Okay, then.
Space bends sharply around you!
Blork the orc blinks!
You blink.
You take 2 damage, and have 39/41 hp.
You now have 6/7 mp.
Blork the orc gestures at you while chanting.
The puff of frost hits you but does no damage.
Blork the orc casts a cantrip, but nothing happens.
Blork the orc screams, "I'll decorate my home with your organs!"
MP restored: 7 Health restored: 41 Blork the orc mumbles some strange words.
Blork the orc seems to speed up.
There is a stone staircase leading up here.
The ogre barely misses you.
You climb upwards.
There is a stone staircase leading down here.
There is an open door here.
There is an open door here.
There is a stone staircase leading down here.
You climb downwards.
Level annotation: Blork the orc
There is a stone staircase leading up here.
There is a stone staircase leading up here.
Found a stone staircase leading down.
A hobgoblin comes into view.
The hobgoblin shouts!
The hobgoblin hits you but does no damage.
You hit the hobgoblin but do no damage. The hobgoblin hits you.
The hobgoblin closely misses you.
You take 1 damage, and have 40/41 hp.
You barely miss the hobgoblin.
The hobgoblin hits you but does no damage.
You closely miss the hobgoblin. You bite the hobgoblin.
The hobgoblin barely misses you.
You sock the hobgoblin! Lugonu accepts your kill.
No target in view!
No target in view!
No target in view!
HP restored.
Edmund the Younger comes into view.
He is wielding a +1 vorpal flail.
Edmund shouts!
Health restored: 41 Edmund is nearby!
Edmund is nearby!
Okay, then.
Okay, then.
Edmund hits you with a +1 vorpal flail.
You take 7 damage, and have 34/41 hp.
You hit Edmund but do no damage. You bite Edmund, but do no damage.
Edmund barely misses you.
You hit Edmund. Edmund hits you with a +1 vorpal flail!
You take 9 damage, and have 25/41 hp.
MASSIVE DAMAGE!!
You thump Edmund! Edmund hits you but does no damage.
You hit Edmund but do no damage. Edmund hits you but does no damage. x2
You hit Edmund but do no damage. Your bite misses Edmund.
Edmund hits you with a +1 vorpal flail!
You take 11 damage, and have 14/41 hp.
MASSIVE DAMAGE!!
You closely miss Edmund. Edmund barely misses you.
You hit Edmund. Edmund hits you with a +1 vorpal flail!
* * * LOW HITPOINT WARNING * * *
x2 You take 9 damage, and have 5/41 hp.
MASSIVE DAMAGE!!
You closely miss Edmund. Your bite misses Edmund.
Edmund hits you with a +1 vorpal flail.
* * * LOW HITPOINT WARNING * * *
x2 You take 4 damage, and have 1/41 hp.
You hit Edmund. Edmund hits you with a +1 vorpal flail.
You die...

.. #. #. #. #.
#.## #.@# #@#
#.....# ###.#
#.....# #...#
###.....# #.###
.##.....# #.#
.##.....######.#
.##.........##.#
.##.#.#.###.##.#
.##.#.#.# #....#


You could see Edmund.

Vanquished Creatures
  An iguana (D:4)
  2 adders
  An ufetubus (D:4)
  An orc (D:3)
  4 ball pythons
  6 bats
  9 endoplasms
  A giant cockroach (D:2)
  4 goblins
  4 hobgoblins
  6 jackals (D:1)
  2 quokkas (D:1)
  2 frilled lizards
  6 kobolds
  4 rats
53 creatures vanquished.

Notes
Turn   | Place    | Note
-------+----------+-------------------------------------------
     0 | Abyss:1  | Snikeer the Gnoll Abyssal Knight began the quest for the
                  | Orb.
     0 | Abyss:1  | Reached XP level 1. HP: 23/23 MP: 3/3
    18 | Abyss:1  | Noticed a shock serpent
    20 | Abyss:1  | Noticed a faun
    23 | D:1      | Escaped the Abyss
   260 | D:1      | Reached XP level 2. HP: 29/29 MP: 5/5
   643 | D:1      | Found Vijiuq's Assorted Antiques.
   663 | D:1      | Reached ** piety under Lugonu
   879 | D:1      | Reached XP level 3. HP: 35/35 MP: 6/6
  1159 | D:1      | Found Keolebb's Weapon Emporium.
  1655 | D:2      | Found a faded altar of an unknown god.
  2002 | D:2      | Reached skill level 1 in Short Blades
  2002 | D:2      | Reached skill level 1 in Long Blades
  2002 | D:2      | Reached skill level 1 in Axes
  2002 | D:2      | Reached skill level 1 in Polearms
  2002 | D:2      | Reached skill level 1 in Staves
  2002 | D:2      | Reached skill level 1 in Slings
  2002 | D:2      | Reached skill level 1 in Bows
  2002 | D:2      | Reached skill level 1 in Crossbows
  2002 | D:2      | Reached skill level 1 in Throwing
  2002 | D:2      | Reached skill level 1 in Stealth
  2002 | D:2      | Reached skill level 1 in Shields
  2002 | D:2      | Reached skill level 1 in Unarmed Combat
  2002 | D:2      | Reached skill level 1 in Spellcasting
  2002 | D:2      | Reached skill level 1 in Evocations
  2660 | D:3      | Found a burning altar of Makhleb.
  2735 | D:3      | Reached XP level 4. HP: 32/41 MP: 7/7
  3553 | D:4      | Reached skill level 1 in Conjurations
  3553 | D:4      | Reached skill level 1 in Hexes
  3553 | D:4      | Reached skill level 1 in Summonings
  3553 | D:4      | Reached skill level 1 in Necromancy
  3553 | D:4      | Reached skill level 1 in Translocations
  3553 | D:4      | Reached skill level 1 in Transmutations
  3553 | D:4      | Reached skill level 1 in Fire Magic
  3553 | D:4      | Reached skill level 1 in Ice Magic
  3553 | D:4      | Reached skill level 1 in Air Magic
  3553 | D:4      | Reached skill level 1 in Earth Magic
  3553 | D:4      | Reached skill level 1 in Poison Magic
  3719 | D:4      | Noticed Blork the orc
  3719 | D:4      | Noticed a necrophage
  3730 | D:4      | Noticed an ogre
  4107 | D:4      | Noticed Edmund
  4116 | D:4      | HP: 7/41 [Edmund/+1 vorpal flail (7)]
  4117 | D:4      | HP: 2/41 [Edmund/+1 vorpal flail (3)]
  4118 | D:4      | Slain by Edmund

Illustrated notes

Levels and vault maps discovered:
D:1:      dpeg_arrival_boxorama, layout_loops_ring, serial_shops, shop_statue,
          shop_fountains, minivault_24, serial_park_tiny_1
D:2:      layout_loops_cross, basic_ecumenical_altar
D:3:      layout_basic, bloody_makhleb, kennysheep_generic_room_9
D:4:      layout_loops_cross, nicolae_overflow_hidden_temple, uniq_edmund,
          uniq_blork_the_orc

Skill      XL: |  1  2  3  4 |
---------------+-------------+-----
Short Blades   | 1 |  1.2
Long Blades    | 1 |  1.2
Axes           | 1 |  1.2
Polearms       | 1 |  1.2
Staves         | 1 |  1.2
Slings         | 1 |  1.2
Bows           | 1 |  1.2
Crossbows      | 1 |  1.2
Throwing       | 1 |  1.2
Stealth        | 1 |  1.2
Shields        | 1 |  1.2
Unarmed Combat | 1 |  1.2
Spellcasting   | 1 |  1.2
Evocations     | 1 |  1.2
Conjurations   | 1 |  1.0
Hexes          | 1 |  1.0
Summonings     | 1 |  1.0
Necromancy     | 1 |  1.0
Translocations | 1 |  1.0
Transmutations | 1 |  1.0
Fire Magic     | 1 |  1.0
Ice Magic      | 1 |  1.0
Air Magic      | 1 |  1.0
Earth Magic    | 1 |  1.0
Poison Magic   | 1 |  1.0
Fighting       | |  6.6
Maces & Flails | |  4.7
Armour         | |  4.7
Dodging        | |  2.8
Invocations    | |  4.7

Action                   |  1- 3 |  4- 6 || total
-------------------------+-------+-------++-------
Melee: Mace              |    64 |    57 ||   121
       Bite              |     8 |     4 ||    12
       Dagger            |    78 |       ||    78
       Punch             |     1 |       ||     1
Invok: Bend Space        |       |     4 ||     4
 Stab: Sleeping          |     1 |       ||     1
Armor: Leather armour    |    45 |       ||    45
       Ring mail         |       |    26 ||    26
Dodge: Dodged            |    74 |    43 ||   117

Table legend: (Time is in decaauts)
 A = Elapsed time spent in this place.
 B = Non-inter-level travel time spent in this place.
 C = Inter-level travel time spent in this place.
 D = Time resting spent in this place.
 E = Time spent auto-exploring this place.
 F = Levels seen in this place.
 G = Mean time per level.
                   A        B        C        D        E       F      G
               +--------+--------+--------+--------+--------+-----+--------+
         Total |   4142 |   3827 |    315 |    220 |   3068 |   5 |  828.4 |
       Dungeon |   4119 |   3804 |    315 |    220 |   3067 |   4 | 1029.8 |
         Abyss |     23 |     23 |      0 |      0 |      1 |   1 |   23.0 |
               +--------+--------+--------+--------+--------+-----+--------+

Top non-repeatable levels by time:
     D:1: 1506 daAuts
     D:3: 1178 daAuts
     D:2: 1003 daAuts
     D:4: 430 daAuts
 Abyss:1: 23 daAuts

Table legend:
 A = Kills in this place as a percentage of kills in entire the game.
 B = Kills by you in this place as a percentage of kills by you in the entire game.
 C = Kills by friends in this place as a percentage of kills by friends in the entire game.
 D = Other kills in this place as a percentage of other kills in the entire game.
 E = Experience gained in this place as a percentage of experience gained in the entire game.
 F = Experience gained in this place divided by the number of levels of this place that you have seen.
                   A       B       C       D       E      F
               +-------+-------+-------+-------+-------+----------------------
         Total | 100.0 | 100.0 |   N/A |   N/A | 100.0 |  31.2
       Dungeon | 100.0 | 100.0 |   N/A |   N/A | 100.0 |  39.0
               +-------+-------+-------+-------+-------+----------------------
